 Dungeon Crawl Stone Soup version 0.27-a0-1140-g099f9bb0e8 (webtiles) character file.

Game seed: 7596764017221594786

3 CurlyBrace the Chiller (level 1, -1/8 HPs)
             Began as a Felid Ice Elementalist on May 10, 2021.
             Slain by a water moccasin (6 damage)
             ... on level 4 of the Dungeon.
             The game lasted 00:01:40 (159 turns).

CurlyBrace the Chiller (Felid Ice Elementalist)      Turns: 159, Time: 00:01:41

Health: -1/8       AC:  1    Str:  4    XL:     1   Next: 41%
Magic:  2/4        EV: 17    Int: 16    God:
Gold:   40         SH:  0    Dex: 16    Spells: 3/4 levels left
                                        Lives:  0   Deaths: 0

rFire    . . .     SeeInvis +   (weapon unavailable)
rCold    . . .     Faith    .   (shield unavailable)
rNeg     . . .     Spirit   .   (armour unavailable)
rPois    .         Reflect  .   (helmet unavailable)
rElec    .         Harm     .   (cloak unavailable)
rCorr    .         Rampage  .   (gloves unavailable)
Will     .....                  (boots unavailable)
Stlth    ++........             (no amulet)
HPRegen  0.02/turn              (no ring)
MPRegen  0.09/turn              (no ring)

@: flying, very slightly contaminated, invisible, quick
A: very small, claws 1, fangs 3, see invisible, speed 1, shaggy fur 1, stealthy
paws, no weapons or thrown items, no armour, multi-lived
a: no special abilities


You were on level 4 of the Dungeon.
You visited 1 branch of the dungeon, and saw 3 of its levels.

You collected 40 gold pieces.

Inventory:

Potions
 b - a potion of flight


   Skills:
 * Level 0.3 Fighting
 + Level 2.7 Dodging
 + Level 2.8 Stealth
 * Level 0.3 Unarmed Combat
 - Level 2.0 Spellcasting
 - Level 3.6 Ice Magic


You had 3 spell levels left.
You knew the following spells:

 Your Spells              Type           Power      Damage    Failure   Level
a - Freeze                Ice            52%        1d7       4%          1

Your spell library contained the following spells:

 Spells                   Type           Power      Damage    Failure   Level
 Frozen Ramparts          Ice            26%        1d4       14%         3
 Ozocubu's Armour         Ice            13%        N/A       14%         3
 Animate Skeleton         Necr           2%         N/A       21%         1
 Pain                     Necr           4%         1d4       21%         1
 Vampiric Draining        Necr           0%         2d6       52%         3
 Hailstorm                Conj/Ice       7%         3d4       69%         4
 Animate Dead             Necr           0%         N/A       90%         4
 Metabolic Englaciation   Hex/Ice        3%         N/A       95%         5
 Agony                    Necr           1%         N/A       99%         5


Dungeon Overview and Level Annotations

Branches:
Dungeon (2/15)

Altars:


Innate Abilities, Weirdness & Mutations

You have sharp claws.
You have razor-sharp teeth.
You have supernaturally acute eyesight. (SInv)
You cover ground quickly. (Speed+)
You are covered in fur. (AC +1)
Your paws help you pounce on unaware monsters.
You are incapable of wielding weapons or throwing items.
You cannot wear armour.
You gain extra lives every three experience levels.


Message History

Aim: a quokka You miscast Freeze.
You are very lightly contaminated with residual magic.
Nothing appears to happen.
The quokka bites you.
Unknown command.
Casting: Freeze (safe; 4% risk of failure)
Confirm with . or Enter, or press ? or * to list all spells.
Aiming: Freeze (safe; 4% risk of failure)
Press: ? - help, Shift-Dir - straight line, f/p - quokka
Aim: a quokka You freeze the quokka.
The quokka is severely wounded.
The quokka closely misses you. The quokka bites you.
Casting: Freeze (safe; 4% risk of failure)
Confirm with . or Enter, or press ? or * to list all spells.
Aiming: Freeze (safe; 4% risk of failure)
Press: ? - help, Shift-Dir - straight line, f/p - quokka
Aim: a quokka (severely wounded)
You freeze the quokka.
You kill the quokka!
Okay, then.
Found 16 gold pieces.
Found a stone staircase leading down.
You see here a quokka corpse.
Found a hand axe.
Found a scroll labelled UFUIXT ICEMYORGH.
A water moccasin comes into view.
Your magical contamination has completely faded away.
The water moccasin hisses angrily.
You see here 16 gold pieces.
It was a potion of flight.
You feel very buoyant.
You fly up into the air.
It was a potion of invisibility.
You fade into invisibility!
The water moccasin barely misses you.
You are very lightly contaminated with residual magic.
You now have 40 gold pieces (gained 16).
The water moccasin bites you.
Ouch! That really hurt!
You die...

#### ##...# ##.....##
##.......# #.?......##
.......)...##
......>....@.#
#.............S###..
#..#................#
#..#..............####
#..##.............##
..# #............## .#
#.........####
#####.......†##
....#######.##


You could see a water moccasin.

Vanquished Creatures
  A quokka (D:4)
  A bat (D:1)
  A goblin (D:1)
  A rat (D:1)
4 creatures vanquished.

Notes
Turn   | Place    | Note
-------+----------+-------------------------------------------
     0 | D:1      | CurlyBrace the Felid Ice Elementalist began the quest for
                  | the Orb.
     0 | D:1      | Reached XP level 1. HP: 7/7 MP: 4/4
   132 | D:2      | You fall into a shaft and drop 2 floors!
   132 | D:4      | Noticed an orc wizard
   153 | D:4      | Noticed a water moccasin
   159 | D:4      | Slain by a water moccasin

Illustrated notes

Levels and vault maps discovered:
D:1:      onia_arrival_mini_maze, layout_basic, basic_ecumenical_altar,
          fountainhead, minmay_misc_feat_square, chequers_serial_rivers_large_a,
          chequers_big_river, minmay_hexomino_f4
D:2:      layout_basic, serial_shops, shop, uniq_jessica
D:4:      layout_cave_pods

Action                   || total
-------------------------++-------
Melee: Unarmed           ||     1
 Cast: Freeze            ||     4
  Use: Potion            ||     2
 Stab: Sleeping          ||     1
Dodge: Dodged            ||     4

Table legend: (Time is in decaauts)
 A = Elapsed time spent in this place.
 B = Non-inter-level travel time spent in this place.
 C = Inter-level travel time spent in this place.
 D = Time resting spent in this place.
 E = Time spent auto-exploring this place.
 F = Levels seen in this place.
 G = Mean time per level.
                   A        B        C        D        E       F      G
               +--------+--------+--------+--------+--------+-----+--------+
         Total |    131 |    131 |      0 |      0 |      0 |   3 |   43.7 |
       Dungeon |    131 |    131 |      0 |      0 |      0 |   3 |   43.7 |
               +--------+--------+--------+--------+--------+-----+--------+

Top non-repeatable levels by time:
     D:1: 85 daAuts
     D:2: 23 daAuts
     D:4: 22 daAuts
